 Dungeon Crawl Stone Soup version 0.31.0-11-ge490571c62 (webtiles) character file.

Game seed: 7795175080307283429

713 qw the Shooter (level 7, -7/35 HPs)
             Began as a Spriggan Hunter on Feb 4, 2024.
             Mangled by Duvessa
             ... wielding a +0 rapier
              (19 damage)
             ... on level 4 of the Dungeon.
             The game lasted 00:00:12 (2903 turns).

qw the Shooter (Spriggan Hunter)                    Turns: 2903, Time: 00:00:12

Health: -7/35      AC:  4    Str:  7    XL:     7   Next: 41%
Magic:  8/8        EV: 22    Int: 10    God:
Gold:   220        SH:  5    Dex: 21    Spells: 6/6 levels left

rFire   . . .        a - +3 shortbow
rCold   . . .        (shield currently unavailable)
rNeg    . . .        d - +2 robe of Dogma {Slay+2}
rPois   .            (helmet restricted)
rElec   .            (no cloak)
rCorr   .            (gloves unavailable)
SInv    +            (boots unavailable)
Will    +++..        i - amulet of reflection
Stlth   ++           f - ring of willpower
HPRegen 0.25/turn    g - ring of willpower
MPRegen 0.11/turn

%: reflection
@: very quick
A: very small, no large weapons, unfitting armour, see invisible, speed 3
a: no special abilities


You were on level 4 of the Dungeon.
You visited 1 branch of the dungeon, and saw 4 of its levels.

You collected 220 gold pieces.


Innate Abilities, Weirdness & Mutations

You are very small and have problems with some larger weapons.
You are too small for most types of armour.
You have supernaturally acute eyesight. (SInv)
You cover ground extremely quickly. (Speed+++)


   Skills:
 - Level 2.0 Fighting
 + Level 7.5 Ranged Weapons
 - Level 7.1 Dodging
 - Level 1.5 Stealth


You had 6 spell levels left.
You didn't know any spells.
Your spell library was empty.

Inventory:

Hand Weapons
 a - a +3 shortbow (weapon)
Armour
 d - the +2 robe of Dogma (worn) {Slay+2}
   (You acquired it on level 1 of the Dungeon)

   Slay+2:    It affects your accuracy & damage with ranged weapons and melee
   (+2).
Jewellery
 f - a ring of willpower (left hand)
 g - a ring of willpower (right hand)
 i - an amulet of reflection (around neck)
Wands
 j - a wand of flame (11)
Scrolls
 m - a scroll of fear {unknown}
Potions
 b - a potion of haste {unknown}
 c - 3 potions of might
 e - a potion of brilliance {unknown}
 h - a potion of heal wounds {unknown}
 k - a potion of attraction {unknown}

Dungeon Overview and Level Annotations

Branches:
Dungeon (4/15)
 Temple: D:4-7

Altars:
Fedhas
Makhleb
Vehumet

Annotations:
D:3 2 transporters, qw's ghost, amateur SpHu
D:4 Duvessa; Edmund


Message History

2896 ||| ZAPPING wand of quicksilver (3) at 4,-1 (Duvessa; shallow_water).
Aiming: Quicksilver Bolt
Press: ? - help, Q - select action, (/) - cycle Shift-Dir - straight line, f/p - Duvessa The bolt of dispelling energy hits the plant!!
The plant is lightly damaged.
The bolt of dispelling energy hits Duvessa!
Duvessa is moderately wounded.
2897 ||| ZAPPING wand of quicksilver (2) at 3,0 (Duvessa; shallow_water).
Aiming: Quicksilver Bolt
Press: ? - help, Q - select action, (/) - cycle Shift-Dir - straight line, f/p - Duvessa The bolt of dispelling energy hits Duvessa!
Duvessa is heavily wounded.
2898 ||| ZAPPING wand of quicksilver (1) at 2,1 (Duvessa; floor).
Aiming: Quicksilver Bolt
Press: ? - help, Q - select action, (/) - cycle Shift-Dir - straight line, f/p - Duvessa The bolt of dispelling energy misses Duvessa.
The now-empty wand crumbles to dust.
A nearby plant withers and dies.
Duvessa hits you with a +0 rapier!
You shoot an arrow. The arrow hits Duvessa!
Duvessa is heavily wounded.
A nearby plant withers and dies.
Edmund the Younger comes into view.
He is wielding a +0 flail of protection.
Duvessa completely misses you.
Enter note:
Enter note:
Enter note:
Enter note:
Enter note:
Enter note:
2900 ||| RETREEEEATING.
You shoot an arrow. The arrow completely misses Duvessa.
Duvessa hits you with a +0 rapier! You block Duvessa's attack.
You shoot an arrow. The arrow hits Duvessa.
Duvessa is severely wounded.
Duvessa barely misses you.
You shoot an arrow. The arrow hits Duvessa!
Duvessa is almost dead.
Duvessa misses you. Duvessa hits you with a +0 rapier!!
Ouch! That really hurt!
You die...

###### #....# ~ #....#
.~ ###....####### ~.~
#.+.......>..#### P~.~
#.#....###......# ~~~.~
#.'....###....@e#~~~~.~
####.....##.......%~~~.@
#........##........~~~.~
#.###....~#......#.7~~)~
#.# #...~~~......#.~~~.~
#.#
###~P~~~~P####P~P~.~~7
#.# #~P~~~~~77
7)~~.~~77## #.#
#~~~)~~~7 7~~~.~~ 7.###
#.# #~~~~~~~777
77ยค~~.~P77...##


You could see Duvessa (berserk).

Vanquished Creatures
  Sigmund (D:2)
  An ogre (D:4)
  2 phantoms (D:4)
  A scorpion (D:3)
  Dowan (D:4)
  Jessica (D:2)
  Ijyb (D:4)
  An iguana (D:4)
  An orc wizard (D:3)
  4 adders
  2 adder skeletons (D:2)
  5 dart slugs
  5 orcs
  4 ball pythons
  8 endoplasms
  A giant cockroach (D:2)
  9 goblins
  8 hobgoblins
  10 jackals
  3 kobolds (D:3)
  3 quokkas
  3 bats
  3 frilled lizards
  A rat (D:3)
79 creatures vanquished.

Notes
Turn   | Place    | Note
-------+----------+-------------------------------------------
     0 | D:1      | qw the Spriggan Hunter began the quest for the Orb.
     0 | D:1      | Reached XP level 1. HP: 10/10 MP: 2/2
     0 | D:1      | 0 ||| qw: Version: 0.3-a-160-g6735b56
     0 | D:1      | 0 ||| qw: Game counter: 4916
     0 | D:1      | 0 ||| qw: Melee chars always use a shield: true
     0 | D:1      | 0 ||| qw: God list: Okawaru
     0 | D:1      | 0 ||| qw: Allow faded altars: false
     0 | D:1      | 0 ||| qw: Do Orc after clearing Dungeon:15 true
     0 | D:1      | 0 ||| qw: Do second Lair branch before Depths: true
     0 | D:1      | 0 ||| qw: Lair rune preference: random
     0 | D:1      | 0 ||| qw: Goals: Normal
     0 | D:1      | 0 ||| PLANNING D:1-11
    83 | D:1      | Reached skill level 3 in Dodging
    92 | D:1      | Reached XP level 2. HP: 14/14 MP: 3/3
   622 | D:1      | 622 ||| UPGRADING to ring of willpower.
   623 | D:1      | 623 ||| READING scroll labelled ILE FOSTRUUL MEPLI.
   624 | D:1      | 624 ||| READING scroll labelled DAT QONEIDAT.
   624 | D:1      | Identified a scroll of acquirement
   624 | D:1      | 624 ||| ACQUIRING +2 robe of Dogma {Slay+2}
   624 | D:1      | Acquired the +2 robe of Dogma {Slay+2}
   626 | D:1      | 626 ||| UPGRADING to +2 robe of Dogma {Slay+2}.
   636 | D:1      | 636 ||| DROPPING +0 robe.
   637 | D:1      | 637 ||| DROPPING scroll of butterflies.
   689 | D:2      | Reached XP level 3. HP: 18/18 MP: 4/4
   704 | D:2      | Noticed Sigmund
   713 | D:2      | Killed Sigmund
   714 | D:2      | Reached skill level 6 in Ranged Weapons
   714 | D:2      | Reached XP level 4. HP: 15/22 MP: 5/5
   714 | D:2      | Reached XP level 5. HP: 17/25 MP: 6/6
   786 | D:2      | 786 ||| FLEEEEING.
   787 | D:2      | 787 ||| FLEEEEING.
  1089 | D:2      | Noticed Jessica
  1091 | D:2      | Killed Jessica
  1727 | D:2      | 1727 ||| UPGRADING to amulet of reflection.
  1732 | D:2      | 1732 ||| UPGRADING to ring of willpower.
  1733 | D:2      | 1733 ||| READING scroll labelled GIUNAG PIG.
  1736 | D:2      | 1736 ||| READING 3 scrolls labelled RUOMPIDGHIE.
  1736 | D:2      | 1736 ||| ENCHANTING +0 shortbow.
  1737 | D:2      | 1737 ||| READING 2 scrolls of enchant weapon.
  1737 | D:2      | 1737 ||| ENCHANTING +1 shortbow.
  1738 | D:2      | 1738 ||| READING scroll of enchant weapon.
  1738 | D:2      | 1738 ||| ENCHANTING +2 shortbow.
  1739 | D:2      | 1739 ||| READING scroll labelled UCAOT BAMNELEF.
  1840 | D:2      | 1840 ||| READING scroll labelled TUREHODD COORE.
  1840 | D:2      | 1840 ||| IDENTIFYING fuming inky potion
  1841 | D:2      | 1841 ||| READING scroll labelled SARUAH NAVODD.
  1843 | D:2      | 1843 ||| Stepping ~*~*~tactically~*~*~ (cloud).
  1849 | D:2      | HP: 6/26 [poisoned by you (poison gas)]
  1980 | D:3      | Found a transporter.
  1984 | D:3      | Noticed qw's ghost (amateur SpHu)
  2024 | D:3      | Found a burning altar of Makhleb.
  2098 | D:3      | Found a transporter.
  2154 | D:3      | Reached XP level 6. HP: 30/30 MP: 7/7
  2207 | D:3      | Reached skill level 6 in Dodging
  2229 | D:3      | Found a blossoming altar of Fedhas.
  2663 | D:4      | Reached XP level 7. HP: 35/35 MP: 8/8
  2675 | D:4      | Found a radiant altar of Vehumet.
  2744 | D:4      | Noticed Dowan
  2749 | D:4      | Killed Dowan
  2770 | D:4      | Noticed Ijyb
  2781 | D:4      | Killed Ijyb
  2893 | D:4      | Noticed Duvessa
  2894 | D:4      | 2894 ||| ZAPPING wand of quicksilver (5) at 5,-3 (Duvessa;
                  | shallow_water).
  2895 | D:4      | 2895 ||| ZAPPING wand of quicksilver (4) at 4,-2 (Duvessa;
                  | shallow_water).
  2896 | D:4      | 2896 ||| ZAPPING wand of quicksilver (3) at 4,-1 (Duvessa;
                  | shallow_water).
  2897 | D:4      | 2897 ||| ZAPPING wand of quicksilver (2) at 3,0 (Duvessa;
                  | shallow_water).
  2898 | D:4      | 2898 ||| ZAPPING wand of quicksilver (1) at 2,1 (Duvessa;
                  | floor).
  2899 | D:4      | Noticed Edmund
  2900 | D:4      | 2900 ||| RETREEEEATING.
  2903 | D:4      | Mangled by Duvessa

Levels and vault maps discovered:
D:1:      onia_arrival_mini_spirals, layout_loops_ring
D:2:      layout_basic, serial_undead, serial_undead_c, serial_undead_c,
          serial_undead_b, serial_undead_c, amcnicky_mini_corridor_feature,
          uniq_jessica, uniq_sigmund
D:3:      layout_loops_ring, marbit_many_paths, mainiacjoe_overflow_boulevard,
          gammafunk_ghost_stat_death
D:4:      kennysheep_the_goblin_king, layout_basic, vehumet_altar_wand_db,
          grunt_qazlal_sundering, minmay_temple_entry_from_below_a,
          ebering_ghost_inner_flame, serial_bayou_lagoon_b, uniq_edmund,
          uniq_duvessa

Skill      XL: |  1  2  3  4  5  6  7 |
---------------+----------------------+-----
Dodging        | 3 4 5 6 7 |  7.1
Ranged Weapons | 6 7 |  7.5
Fighting       | 2 |  2.0
Stealth        | |  1.5

Action                     |  1- 3 |  4- 6 |  7- 9 || total
---------------------------+-------+-------+-------++-------
   Fire: Shortbow          |    86 |   105 |    43 ||   234
  Evoke: Wand              |       |       |     5 ||     5
    Use: Scroll            |     2 |     7 |       ||     9
 Armour: Robe              |     8 |     3 |     4 ||    15
  Dodge: Dodged            |    42 |    21 |    17 ||    80
  Block: Other             |       |     2 |     2 ||     4

Table legend:
 A = Non-vault XP
 B = Vault XP
 C = Vault XP percentage of total XP
 D = Non-vault monster count
 E = Vault monster count
 F = Vault count percentage of total count
                 A         B        C        D         E       F
            +---------+---------+-------+---------+---------+-------
      Total |     642 |     377 |  37.0 |      65 |      14 |  17.7
            +---------+---------+-------+---------+---------+-------
        D:1 |      39 |       0 |   0.0 |      20 |       0 |   0.0
        D:2 |      64 |     257 |  80.1 |      15 |       4 |  21.1
        D:3 |     162 |       1 |   0.6 |      16 |       1 |   5.9
        D:4 |     377 |     119 |  24.0 |      14 |       9 |  39.1
            +---------+---------+-------+---------+---------+-------
